 Dungeon Crawl Stone Soup version 0.28-a0-1555-g9ae15a6949 (webtiles) character file.

Game seed: 11127374866666479685

109 lonewolfV2 the Ducker (level 4, -5/34 HPs)
             Began as a Demonspawn Gladiator on Jan 13, 2022.
             Slain by an ogre (30 damage)
             ... on level 5 of the Dungeon on Jan 18, 2022.
             The game lasted 00:05:40 (3131 turns).

lonewolfV2 the Ducker (Demonspawn Gladiator)        Turns: 3131, Time: 00:05:41

Health: -5/34      AC:  7    Str: 17    XL:     4   Next: 59%
Magic:  4/4        EV: 13    Int: 12    God:
Gold:   110        SH:  0    Dex: 16    Spells: 3/3 levels left

rFire   . . .      SeeInvis .   e - +1 bardiche (vorpal)
rCold   . . .      Faith    .   (shield currently unavailable)
rNeg    . . .      Spirit   .   b - +0 leather armour
rPois   .          Reflect  .   c - +0 helmet
rElec   .          Harm     .   (no cloak)
rCorr   .          Rampage  .   (no gloves)
Will    .....                   h - +2 pair of boots of the Elven Halls {Int+3 Dex+2 Slay+2}
Stlth   ++........              (no amulet)
HPRegen 0.11/turn               (no ring)
MPRegen 0.09/turn               (no ring)

@: no status effects
A: claws 2
a: no special abilities


You were on level 5 of the Dungeon.
You visited 1 branch of the dungeon, and saw 4 of its levels.

You collected 110 gold pieces.

Inventory:

Hand Weapons
 a - a +0 war axe
 e - a +1 vorpal bardiche (weapon)
Missiles
 d - 3 throwing nets (quivered)
Armour
 b - a +0 leather armour (worn)
 c - a +0 helmet (worn)
 h - the +2 pair of boots of the Elven Halls (worn) {Int+3 Dex+2 Slay+2}
   (You found it on level 2 of the Dungeon)

   Int:       It affects your intelligence (+3).
   Dex:       It affects your dexterity (+2).
   Slay:      It affects your accuracy & damage with ranged weapons and melee
   (+2).
Scrolls
 g - a scroll of identify
Potions
 f - a potion of haste {unknown}
 j - a potion of might
 k - 2 potions of attraction
 l - a potion of magic {unknown}


   Skills:
 + Level 2.4 Fighting
 + Level 3.4 Axes
 + Level 0.6(2.2) Polearms
 + Level 1.8 Throwing
 + Level 1.2 Armour
 + Level 3.5 Dodging
 + Level 1.0 Stealth


You had 3 spell levels left.
You didn't know any spells.
Your spell library contained the following spells:

 Spells                   Type           Power      Damage    Failure   Level
 Magic Dart               Conj           0%         1d3       36%         1
 Call Imp                 Summ           0%         N/A       52%         2
 Mephitic Cloud           Conj/Pois/Air  0%         N/A       75%         3
 Blade Hands              Tmut           0%         N/A       100%        5
 Irradiate                Conj/Tmut      0%         3d13      100%        5
 Dragon Form              Tmut           0%         N/A       100%        7


Dungeon Overview and Level Annotations

Branches:
Dungeon (3/15)

Altars:
Kikubaaqudgha


Innate Abilities, Weirdness & Mutations

You have very sharp fingernails.


Message History

You see here a rat corpse.
You see here a rat corpse.
HP restored.
A hobgoblin comes into view.
A hobgoblin is nearby!
A hobgoblin is nearby!
A hobgoblin is nearby!
A hobgoblin is nearby!
There is an open door here.
The hobgoblin shouts!
The hobgoblin barely misses you.
The hobgoblin hits you but does no damage.
The hobgoblin closely misses you. The hobgoblin closely misses you.
The hobgoblin hits you. The hobgoblin misses you.
You barely miss the hobgoblin. The hobgoblin misses you.
You slash the hobgoblin!
You kill the hobgoblin!
g - a scroll of identify You now have 110 gold pieces (gained 12).
Found 19 arrows.
A sourceless malevolence fills the Dungeon...
You fall into a shaft and drop 2 floors!
The shaft crumbles and collapses.
A white imp comes into view.
The white imp shouts, "Slither hence, thou droning mumble-news bounder!"
You hear a shout!
Found a long sword.
You barely miss the white imp. The white imp hits you.
The white imp freezes you.
You closely miss the white imp. The white imp barely misses you.
The white imp gestures at you. The puff of frost hits you.
You slice the white imp!!
You kill the white imp!
An ogre comes into view. It is wielding a +0 giant spiked club.
The ogre hits you with a +0 giant spiked club!!
Ouch! That really hurt!
You die...

#### #... ...
###.### #..#..#
#....@#
#...#.#.#O⌠.⌠.⌠.
# #.....#.....#
#..#..#..⌠..#
###.### #.### .
..) .. ..# .# ..


You could see an ogre.

Vanquished Creatures
  3 adders (D:3)
  A white imp (D:5)
  2 dart slugs (D:1)
  5 bats
  6 endoplasms
  5 giant cockroaches
  7 goblins
  4 hobgoblins
  5 jackals
  2 kobolds
  2 quokkas
  7 ball pythons
  9 frilled lizards
  8 rats
66 creatures vanquished.

Notes
Turn   | Place    | Note
-------+----------+-------------------------------------------
     0 | D:1      | lonewolfV2 the Demonspawn Gladiator began the quest for the
                  | Orb.
     0 | D:1      | Reached XP level 1. HP: 16/16 MP: 1/1
   442 | D:1      | Gained mutation: You have sharp fingernails. [demonic
                  | ancestry]
   442 | D:1      | Reached XP level 2. HP: 16/22 MP: 2/2
   653 | D:1      | Upgraded the game from 0.28-a0-1506-g3893175d92 to
                  | 0.28-a0-1555-g9ae15a6949
  1255 | D:2      | Gained mutation: You have very sharp fingernails. [demonic
                  | ancestry]
  1255 | D:2      | Reached XP level 3. HP: 25/27 MP: 3/3
  1393 | D:2      | Identified the +2 pair of boots of the Elven Halls {Int+3
                  | Dex+2 Slay+2}
  1501 | D:2      | Found an ancient bone altar of Kikubaaqudgha.
  1670 | D:2      | Identified a scroll of acquirement
  1670 | D:2      | Acquired a +0 vorpal bardiche
  2320 | D:3      | Reached skill level 1 in Armour
  2326 | D:3      | Reached skill level 1 in Stealth
  2326 | D:3      | Reached XP level 4. HP: 3/34 MP: 4/4
  3127 | D:3      | You fall into a shaft and drop 2 floors!
  3127 | D:5      | Entered Level 5 of the Dungeon
  3130 | D:5      | Noticed an ogre
  3131 | D:5      | Slain by an ogre

Illustrated notes

Levels and vault maps discovered:
D:1:      minmay_arrival_checkered_box, layout_rooms, minmay_heptomino_l4
D:2:      layout_rooms, basic_altar, chequers_serial_rivers_micro_c
D:3:      layout_basic, minmay_fractal_squares_diagonal_5
D:5:      layout_loops_ring, mainiacjoe_overflow_paths, serial_shops,
          nicolae_shop_window_shopping, shop, nicolae_diamond_shop,
          nicolae_stop_n_shop_1, minmay_chambers_of_fives

Skill      XL: |  1  2  3 |
---------------+----------+-----
Axes           | 3 |  3.4
Dodging        | 3 |  3.5
Armour         | 1 |  1.2
Stealth        | 1 |  1.0
Fighting       | |  2.4
Polearms       | |  0.6
Throwing       | |  1.8

Action                   |  1- 3 |  4- 6 || total
-------------------------+-------+-------++-------
Melee: War axe           |    76 |       ||    76
       Bardiche          |    31 |    40 ||    71
  Use: Scroll            |     4 |     5 ||     9
       Potion            |       |     1 ||     1
 Stab: Sleeping          |     2 |       ||     2
Armor: Leather armour    |    75 |    38 ||   113
Dodge: Dodged            |   142 |    66 ||   208

Table legend: (Time is in decaauts)
 A = Elapsed time spent in this place.
 B = Non-inter-level travel time spent in this place.
 C = Inter-level travel time spent in this place.
 D = Time resting spent in this place.
 E = Time spent auto-exploring this place.
 F = Levels seen in this place.
 G = Mean time per level.
                   A        B        C        D        E       F      G
               +--------+--------+--------+--------+--------+-----+--------+
         Total |   3212 |   3178 |     34 |    894 |   1693 |   4 |  803.0 |
       Dungeon |   3212 |   3178 |     34 |    894 |   1693 |   4 |  803.0 |
               +--------+--------+--------+--------+--------+-----+--------+

Top non-repeatable levels by time:
     D:3: 1426 daAuts
     D:1: 1265 daAuts
     D:2: 515 daAuts
     D:5: 6 daAuts
